 Dungeon Crawl Stone Soup version 0.30-a0-924-g0ad0bf95bc (webtiles) character file.

Game seed: 15499977386493982473

1756 Axe the Conjurer (level 8, 0/48 HPs)
             Began as a Deep Elf Fire Elementalist on Mar 23, 2023.
             Was a Follower of Vehumet.
             Slain by an orc wizard
             ... wielding a +0 dagger
              (4 damage)
             ... on level 6 of the Dungeon.
             The game lasted 00:12:09 (6637 turns).

Axe the Conjurer (Deep Elf Fire Elementalist)       Turns: 6637, Time: 00:12:10

Health: 0/48       AC:  4    Str:  5    XL:     8   Next: 78%
Magic:  20/20      EV: 14    Int: 23    God:    Vehumet [*.....]
Gold:   354        SH:  0    Dex: 21    Spells: 6/21 levels left

rFire   . . .      SeeInvis .    l - +1 dagger (venom)
rCold   . . .      Faith    .    (no shield)
rNeg    . . .      Spirit   .    a - +0 robe
rPois   .          Reflect  .    (no helmet)
rElec   .          Rampage  .    d - +0 cloak
rCorr   .                        c - +0 pair of gloves
Will    .....                    (no boots)
Stlth   +                        (no amulet)
HPRegen 0.28/turn                p - +6 ring of dexterity
MPRegen 0.17/turn                (no ring)

@: confused, lethally poisoned (0 -> -15), ambrosia-drunk
A: no striking features
a: Renounce Religion


You were on level 6 of the Dungeon.
You worshipped Vehumet.
Vehumet was aware of your devotion.
You visited 2 branches of the dungeon, and saw 8 of its levels.

You collected 354 gold pieces.

Inventory:

Hand Weapons
 l - a +1 dagger of venom (weapon)
Missiles
 s - 2 throwing nets
Armour
 a - a +0 robe (worn)
 c - a +0 pair of gloves (worn)
 d - a +0 cloak (worn)
Jewellery
 p - a +6 ring of dexterity (left hand)
 v - a ring of resist corrosion
Wands
 u - a wand of charming (5)
Scrolls
 f - 7 scrolls of identify {unknown}
 i - a scroll of amnesia {unknown}
 j - a scroll of fog {unknown}
 n - 3 scrolls of teleportation {unknown}
 r - a scroll of immolation {unknown}
 t - a scroll of poison {unknown}
 w - 2 scrolls of fear {unknown}
Potions
 b - a potion of ambrosia
 e - 2 potions of attraction {unknown}
 g - a potion of degeneration {unknown}
 h - 2 potions of flight
 k - a potion of might {unknown}
 o - 2 potions of brilliance {unknown}
 q - 2 potions of mutation {unknown}


   Skills:
 + Level 4.0 Fighting
 + Level 3.2 Dodging
 - Level 2.4 Stealth
 + Level 7.2 Spellcasting
 - Level 7.3 Conjurations
 * Level 6.8 Fire Magic


You had 6 spell levels left.
You knew the following spells:

 Your Spells              Type           Power      Damage    Failure   Level
a - Scorch                Fire           78%        2d9       1%          2
b - Foxfire               Conj/Fire      100%       2x1d9     1%          1
c - Sticky Flame          Conj/Fire      40%        2d6       4%          4
d - Ignition              Fire           19%        3d7       100%        8

Your spell library contained the following spells:

 Spells                   Type           Power      Damage    Failure   Level
 Magic Dart               Conj           100%       1d8       1%          1
 Flame Wave               Conj/Fire      40%        2d11      4%          4
 Inner Flame              Hex/Fire       23%        N/A       5%          3
 Beastly Appendage        Tmut           16%        N/A       8%          1
 Necrotise                Necr           32%        1d5       8%          1
 Summon Small Mammal      Summ           32%        N/A       8%          1
 Ignite Poison            Fire/Tmut/Pois 18%        N/A       9%          3
 Kindle Blastsparks       Fire/Tloc/Air  36%        2d13      9%          3
 Wereblood                Tmut           8%         N/A       12%         2
 Call Canine Familiar     Summ           8%         N/A       22%         3
 Spider Form              Tmut/Pois      8%         N/A       22%         3
 Summon Guardian Golem    Hex/Summ       8%         N/A       22%         3
 Vampiric Draining        Necr           8%         2d6       22%         3
 Agony                    Necr           8%         N/A       91%         5


Dungeon Overview and Level Annotations

Branches:
Dungeon (7/15)             Temple (1/1) D:5

Altars:
Dithmenos
Elyvilon
Hepliaklqana
Nemelex Xobeh
Qazlal
Sif Muna
Trog
Uskayaw
Vehumet
Xom

Shops:
D:1 *


Message History

Flames lash the water moccasin.
The water moccasin is lightly wounded.
The water moccasin's fire resistance burns away.
Casting: Scorch (safe; 1% risk of failure)
Confirm with . or Enter, or press ? or * to list all spells.
Flames lash the orc wizard.
The orc wizard is moderately wounded.
The orc wizard's fire resistance burns away.
The orc wizard hits you with a +0 dagger.
The water moccasin bites you.
The orc priest calls down the wrath of Beogh upon you.
Beogh smites you!
The orc wizard points at you and mumbles some strange words.
The puff of flame hits you.
The gnoll sergeant hits you from afar with a +4 heavy spear!!
* * * LOW HITPOINT WARNING * * *
You climb upwards.
There is a stone staircase leading down, spattered with blood here.
Okay, then.
You feel much better.
The water moccasin bites you but does no damage.
The orc wizard gestures at you while chanting.
The puff of flame hits you!
* * * LOW HITPOINT WARNING * * *
The water moccasin bites you.
* * * LOW HITPOINT WARNING * * *
You are lethally poisoned!
The water moccasin poisons you!
It was a potion of ambrosia.
You are confused.
You feel invigorated.
* * * LOW HITPOINT WARNING * * *
You feel very sick.
The water moccasin is no longer more vulnerable to fire.
The water moccasin bites you.
* * * LOW HITPOINT WARNING * * *
You are more poisoned.
The water moccasin poisons you!
The orc wizard hits you with a +0 dagger.
You die...

###########
########.........#
#........#######.#
##.#####..# #.# #..#
#..##### #.# ########..#
#..(.).# #.# ..........#
#.)###)# #.#
#########.#####..# #.#
#.# #
#......[@###)###.######
####...[So.....[o.....##
####.################..#
#.......# #......#
######.##.##.# ###
#.####.## #
#............####.####.#
#... #
#.####.##........#.....#
##.## # #.#
#.#####.####.####.###...#
# #.# #.#####.#
#.###......_..


You could see a water moccasin and an orc wizard (combustible).

Vanquished Creatures
  A yak (D:4)
  Eustachio (D:6)
  Menkaure (D:5)
  Edmund (D:6)
  An ice beast (D:6)
  An orc warrior (D:6)
  2 ogres
  A bullfrog (D:6)
  3 scorpions
  3 killer bees (D:5)
  Crazy Yiuf (D:3)
  A jelly (D:5)
  A hound (D:5)
  3 orc priests (D:6)
  3 sleepcaps
  An iguana (D:6)
  3 orc wizards (D:6)
  3 gnolls (D:5)
  3 adders
  2 white imps (D:6)
  3 worms
  14 orcs
  5 endoplasms
  3 giant cockroaches
  3 goblins
  3 hobgoblins
  4 quokkas
  8 ball pythons
  8 bats
  3 frilled lizards
  8 kobolds
  7 rats
105 creatures vanquished.

Vanquished Creatures (others)
  An orc wizard (D:6)
  45 foxfires
  4 toadstools (D:7)
50 creatures vanquished.

Grand Total: 155 creatures vanquished

Notes
Turn   | Place    | Note
-------+----------+-------------------------------------------
     0 | D:1      | Axe the Deep Elf Fire Elementalist began the quest for the
                  | Orb.
     0 | D:1      | Reached XP level 1. HP: 10/10 MP: 6/6
   317 | D:1      | Found Uffija's Assorted Antiques.
   330 | D:1      | Reached XP level 2. HP: 15/15 MP: 5/8
   333 | D:1      | Learned a level 2 spell: Scorch
  1103 | D:2      | Found a faded altar of an unknown god.
  1162 | D:2      | Reached XP level 3. HP: 20/20 MP: 2/9
  1854 | D:3      | Reached skill level 1 in Fighting
  2175 | D:3      | Found a runed translucent door.
  2176 | D:3      | Noticed Crazy Yiuf
  2421 | D:3      | Killed Crazy Yiuf
  2422 | D:3      | Reached XP level 4. HP: 21/25 MP: 4/11
  2603 | D:4      | Learned a level 4 spell: Sticky Flame
  2748 | D:4      | Noticed a scorpion
  2752 | D:4      | Killed a scorpion
  2752 | D:4      | Noticed a yak
  2753 | D:4      | Reached XP level 5. HP: 29/29 MP: 5/13
  2851 | D:4      | Noticed a yak
  2855 | D:4      | Noticed a yak
  2863 | D:4      | Killed a yak
  2864 | D:4      | Reached XP level 6. HP: 20/35 MP: 7/15
  3218 | D:5      | Entered Level 5 of the Dungeon
  3219 | D:5      | Found a staircase to the Ecumenical Temple.
  3315 | Temple   | Entered the Ecumenical Temple
  3464 | Temple   | Became a worshipper of Vehumet
  3615 | D:5      | Reached skill level 5 in Spellcasting
  3741 | D:5      | Reached skill level 5 in Conjurations
  4008 | D:5      | Noticed Menkaure
  4014 | D:5      | Killed Menkaure
  4015 | D:5      | Reached skill level 5 in Fire Magic
  4015 | D:5      | Reached XP level 7. HP: 21/40 MP: 11/17
  4151 | D:5      | HP: 2/40 [killer bee (8)]
  4951 | D:6      | Found a hazy altar of Hepliaklqana.
  5077 | D:6      | Reached XP level 8. HP: 9/46 MP: 1/19
  5083 | D:6      | HP: 1/46 [something/puff of flame (10)]
  5497 | D:6      | Reached * piety under Vehumet
  5497 | D:6      | Offered knowledge of Magic Dart by Vehumet.
  5591 | D:6      | Noticed Edmund
  5596 | D:6      | Killed Edmund
  5678 | D:6      | Learned a level 8 spell: Ignition
  5760 | D:6      | Noticed Eustachio
  5763 | D:6      | Killed Eustachio
  6634 | D:7      | HP: 1/48 [gnoll sergeant/+4 heavy spear (20)]
  6637 | D:6      | Slain by an orc wizard

Illustrated notes

Levels and vault maps discovered:
D:1:      scummos_arrival_simple_crosswalls, layout_basic, serial_shops,
          nicolae_shop_competitors_out_of_business, minmay_hexomino_c4
D:2:      layout_rooms, ebering_ecumenical_altar_hall
D:3:      layout_loops_corners, serial_glass, glass_columns_a, glass_columns_a,
          glass_columns_b, glass_columns_c, glass_columns_b, glass_columns_a,
          glass_columns_a, glass_columns_c, glass_columns_c, glass_columns_a,
          minmay_strange_pillars, uniq_crazy_yiuf_cottage
D:4:      layout_basic
D:5:      layout_loops_cross, minmay_temple_entry_arrows, uniq_menkaure
D:6:      layout_loops_ring, nicolae_overflow_crystal_walls, uniq_eustachio,
          uniq_edmund
D:7:      layout_basic, zin_treasury, minmay_gold_behind_fungi,
          grunt_decor_junction, nicolae_water_bricks,
          minmay_misc_feat_more_columns, st_stairs_9, grunt_decor_resistance,
          minmay_diced_spiral
Temple:   mainiacjoe_temple_cubbyholes

Skill      XL: |  1  2  3  4  5  6  7  8 |
---------------+-------------------------+-----
Conjurations   | 2 3 4 5 6 7 |  7.3
Fighting       | 1 2 3 4 |  4.0
Fire Magic     | 4 5 6 |  6.8
Spellcasting   | 4 5 6 7 |  7.2
Dodging        | 3 |  3.2
Stealth        | |  2.4

Action                     |  1- 3 |  4- 6 |  7- 9 || total
---------------------------+-------+-------+-------++-------
  Melee: Unarmed           |     3 |       |       ||     3
         Punch             |     1 |       |       ||     1
         Short sword       |     3 |       |       ||     3
         Dagger            |     2 |    10 |     4 ||    16
   Cast: Foxfire           |    22 |     2 |     2 ||    26
         Scorch            |    39 |    36 |    62 ||   137
         Sticky Flame      |       |     1 |    13 ||    14
    Use: Potion            |       |       |     8 ||     8
   Stab: Sleeping          |     3 |       |       ||     3
 Armour: Robe              |     6 |     3 |     8 ||    17
  Dodge: Dodged            |    23 |    12 |    24 ||    59

Table legend: (Time is in decaauts)
 A = Elapsed time spent in this place.
 B = Non-inter-level travel time spent in this place.
 C = Inter-level travel time spent in this place.
 D = Time resting spent in this place.
 E = Time spent auto-exploring this place.
 F = Levels seen in this place.
 G = Mean time per level.
                   A        B        C        D        E       F      G
               +--------+--------+--------+--------+--------+-----+--------+
         Total |   6642 |   6261 |    381 |   2172 |   3228 |   8 |  830.2 |
       Dungeon |   6409 |   6111 |    298 |   2172 |   3087 |   7 |  915.6 |
        Temple |    232 |    149 |     83 |      0 |    141 |   1 |  232.0 |
               +--------+--------+--------+--------+--------+-----+--------+

Top non-repeatable levels by time:
     D:6: 1695 daAuts
     D:5: 1479 daAuts
     D:3: 1105 daAuts
     D:1: 1093 daAuts
     D:4: 518 daAuts
     D:2: 503 daAuts
  Temple: 232 daAuts
     D:7: 14 daAuts
